 Dungeon Crawl Stone Soup version 0.28-a0-1235-g7c8fac35f0 (webtiles) character file.

Game seed: 12993866844554916335

2 bearlyready the Ruffian (level 1, -3/16 HPs)
             Began as a Draconian Transmuter on Dec 23, 2021.
             Slain by a kobold (6 damage)
             ... on level 1 of the Dungeon on Dec 24, 2021.
             The game lasted 00:00:59 (48 turns).

bearlyready the Ruffian (Draconian Transmuter)        Turns: 48, Time: 00:01:00

Health: -3/16      AC:  4    Str: 12    XL:     1   Next: 33%
Magic:  2/3        EV: 12    Int: 13    God:
Gold:   0          SH:  0    Dex: 11    Spells: 3/4 levels left

rFire   . . .      SeeInvis .     - Unarmed
rCold   . . .      Faith    .   (no shield)
rNeg    . . .      Spirit   .   (armour unavailable)
rPois   .          Reflect  .   (helmet currently unavailable)
rElec   .          Harm     .   (no cloak)
rCorr   .          Rampage  .   (no gloves)
Will    .....                   (boots currently unavailable)
Stlth   +.........              (no amulet)
HPRegen 0.05/turn               (no ring)
MPRegen 0.08/turn               (no ring)

@: appendages
A: horns 2, talons 2, AC +4, unfitting armour, cold-blooded
a: End Transformation


You were on level 1 of the Dungeon.
You had temporarily grown beastly horns and talons.
You visited 1 branch of the dungeon, and saw 1 of its levels.

You aren't carrying anything.


   Skills:
 - Level 1.1 Fighting
 - Level 1.7 Dodging
 + Level 3.1 Unarmed Combat
 - Level 2.0 Spellcasting
 + Level 2.1 Transmutations


You had 3 spell levels left.
You knew the following spells:

 Your Spells              Type           Power      Damage    Failure   Level
a - Beastly Appendage     Tmut           12%        N/A       11%         1

Your spell library contained the following spells:

 Spells                   Type           Power      Damage    Failure   Level
 Wereblood                Tmut           6%         N/A       16%         2
 Spider Form              Tmut/Pois      4%         N/A       45%         3
 Ice Form                 Ice/Tmut       4%         N/A       86%         4


Dungeon Overview and Level Annotations

Branches:
Dungeon (1/15)

Altars:


Innate Abilities, Weirdness & Mutations

You have temporarily grown beastly horns and talons.
Your plain brown scales are hard. (AC +4)
You cannot fit into any form of body armour.
You are cold-blooded and may be slowed by cold attacks.


Message History

The bat hits you but does no damage.
You hit the bat.
The bat is heavily wounded.
The bat closely misses you.
You hit the bat.
You kill the bat!
No target in view!
No target in view!
No target in view!
No target in view!
No target in view!
A kobold comes into view.
It is wielding a +2 short sword of speed.
Things that are here:
a +0 dagger of speed; a kobold corpse No target in view!
Welcome back, bearlyready the Draconian Transmuter.
Press ? for a list of commands and other information.
A kobold is nearby!
A kobold is nearby!
The kobold throws a stone.
The stone hits you.
Things that are here:
a +0 dagger of speed; a kobold corpse The kobold throws a stone.
The stone barely misses you.
The kobold hits you with a +2 short sword of speed.
The kobold hits you but does no damage.
You hit the kobold.
The kobold is severely wounded.
The kobold hits you with a +2 short sword of speed.
You hit the kobold but do no damage. Your punch misses the kobold.
The kobold is severely wounded.
The kobold closely misses you. The kobold hits you but does no damage.
You closely miss the kobold.
The kobold is severely wounded.
The kobold hits you with a +2 short sword of speed.
* * * LOW HITPOINT WARNING * * *
Casting: Beastly Appendage (safe; 11% risk of failure)
Confirm with . or Enter, or press ? or * to list all spells.
You grow a pair of large bovine horns.
Your feet morph into talons.
The kobold hits you with a +2 short sword of speed.
You die...

#...#...# +.⌠.'...#
#.........
#...#...#
#.........
##'###'## #........
#...#...# #......#
+.<.#...# #......#
#...#...# #......#
##+###'#####......#
#...#...)..@..#####
#.⌠.'.#####.K......
#...### #........
##+## #........
#........ #........
##......? .......
###....


You could see a kobold.

Vanquished Creatures
  A bat (D:1)
  A kobold (D:1)
2 creatures vanquished.

Notes
Turn   | Place    | Note
-------+----------+-------------------------------------------
     0 | D:1      | bearlyready the Draconian Transmuter began the quest for
                  | the Orb.
     0 | D:1      | Reached XP level 1. HP: 16/16 MP: 3/3
    38 | D:1      | Upgraded the game from 0.28-a0-1234-g826d19b2e0 to
                  | 0.28-a0-1235-g7c8fac35f0
    48 | D:1      | Slain by a kobold

Illustrated notes

Levels and vault maps discovered:
D:1:      co_arrival_random_square_maze, layout_basic,
          ebering_ecumenical_altar_rust

Action                   || total
-------------------------++-------
Melee: Unarmed           ||    10
       Tailslap          ||     1
 Cast: Beastly Appendage ||     1
Armor: Skin              ||     5
Dodge: Dodged            ||     5

Table legend: (Time is in decaauts)
 A = Elapsed time spent in this place.
 B = Non-inter-level travel time spent in this place.
 C = Inter-level travel time spent in this place.
 D = Time resting spent in this place.
 E = Time spent auto-exploring this place.
 F = Levels seen in this place.
 G = Mean time per level.
                   A        B        C        D        E       F      G
               +--------+--------+--------+--------+--------+-----+--------+
         Total |     47 |     47 |      0 |      0 |     22 |   1 |   47.0 |
       Dungeon |     47 |     47 |      0 |      0 |     22 |   1 |   47.0 |
               +--------+--------+--------+--------+--------+-----+--------+

Top non-repeatable levels by time:
     D:1: 47 daAuts
